 Dungeon Crawl Stone Soup version 0.27-a0-1083-gcf8293e1eb (webtiles) character file.

Game seed: 3710303355420276574

39 EnegeticOcto the Magician (level 3, 0/25 HPs)
             Began as a Djinni Air Elementalist on Apr 26, 2021.
             Slain by a gnoll
             ... wielding a +0 club
              (5 damage)
             ... on level 6 of the Dungeon.
             The game lasted 00:01:32 (149 turns).

EnegeticOcto the Magician (Djinni Air Elementalist)  Turns: 149, Time: 00:01:32

Health: 0/25       AC:  2    Str:  7    XL:     3   Next: 45%
Gold:   0          EV: 12    Int: 17    God:
                   SH:  0    Dex: 13

rFire    + + .     SeeInvis .   (no weapon)
rCold    x . .     Faith    .   (no shield)
rNeg     . . .     Spirit   .   a - +0 robe
rPois    ∞         Reflect  .   (no helmet)
rElec    .         Harm     .   (no cloak)
rCorr    .         Rampage  .   (no gloves)
Will     .....                  (boots unavailable)
Stlth    ++........             (no amulet)
HPRegen  0.08/turn              (no ring)
MPRegen  0.00/turn              (no ring)

@: flying
A: fire resistance 2, cold vulnerability 1, float, innate caster, hp casting,
extra vitality 1
a: no special abilities


You were on level 6 of the Dungeon.
You visited 1 branch of the dungeon, and saw 5 of its levels.

Inventory:

Armour
 a - a +0 robe (worn)
Potions
 b - a potion of degeneration {unknown}


   Skills:
 - Level 2.1 Dodging
 - Level 1.5 Stealth
 + Level 3.8 Spellcasting


You couldn't memorise any spells.
You knew the following spells:

 Your Spells              Type           Power      Damage    Failure   Level
a - Shock                 Conj/Air       64%        1d7       3%          1
b - Static Discharge      Conj/Air       16%        N/A       4%          2
c - Airstrike             Air            8%         N/A       32%         4
d - Lightning Bolt        Conj/Air       8%         1d20      67%         5
e - Corona                Hex            17%        N/A       3%          1
V - Swiftness             Air            16%        N/A       10%         3
Your spell library was empty.

Dungeon Overview and Level Annotations

Branches:
Dungeon (4/15)
 Temple: D:4-7

Altars:
Sif Muna

Shops:
D:3 :


Innate Abilities, Weirdness & Mutations

You are immune to poison.
Your flesh is very heat resistant. (rF++)
You are vulnerable to cold. (rC-)
You float through the air rather than walking.
You learn spells naturally, not from books.
Your magical power is your life essence.
You have superior vitality. (+4 HP)


Message History

A hound skeleton comes into view.
Casting: Shock (safe; 4% risk of failure)
Confirm with . or Enter, or press ? or * to list all spells.
Aiming: Shock (safe; 4% risk of failure)
Press: ? - help, Shift-Dir - straight line The zap hits the goblin.
You kill the goblin!
Casting: Shock (safe; 4% risk of failure)
Confirm with . or Enter, or press ? or * to list all spells.
Aiming: Shock (safe; 4% risk of failure)
Press: ? - help, Shift-Dir - straight line The zap hits the hound skeleton.
The hound skeleton is moderately damaged.
The zap hits the hound skeleton.
The hound skeleton is heavily damaged.
The hound skeleton bites you. The hound skeleton barely misses you.
Casting: Shock (safe; 4% risk of failure)
Confirm with . or Enter, or press ? or * to list all spells.
Aiming: Shock (safe; 4% risk of failure)
Press: ? - help, Shift-Dir - straight line The zap hits the hound skeleton.
The hound skeleton is severely damaged.
The zap hits the hound skeleton.
The hound skeleton is severely damaged.
The hound skeleton bites you.
Casting: Shock (safe; 4% risk of failure)
Confirm with . or Enter, or press ? or * to list all spells.
Aiming: Shock (safe; 4% risk of failure)
Press: ? - help, Shift-Dir - straight line The zap hits the hound skeleton.
The hound skeleton is almost destroyed.
The zap hits the hound skeleton.
You destroy the hound skeleton!
You have reached level 3!
Your experience leads to an increase in your attributes!
Increase (s)trength, (i)ntelligence, or (d)exterity?
You feel clever.
The power to cast Corona wells up from within.
Spell assigned to 'e'.
You reach down and open the door.
Found a shimmering blue altar of Sif Muna.
You are sucked into a shaft and drop 2 floors!
The shaft crumbles and collapses.
Found a green potion.
Found an escape hatch in the floor.
A gnoll comes into view. It is wielding a +0 club.
The gnoll shouts!
You hear a shout!
A gnoll comes into view. It is wielding a +0 spear.
A gnoll comes into view. It is wielding a +0 club.
You see here a green potion.
It was a potion of ambrosia.
You are confused.
You feel invigorated.
The gnoll shouts!
You feel less invigorated.
You feel less confused.
There is an escape hatch in the floor here.
Found 7 sling bullets.
A white imp comes into view.
The white imp shouts!
The white imp gestures at you. The puff of frost misses you.
Casting: Shock (safe; 3% risk of failure)
Confirm with . or Enter, or press ? or * to list all spells.
Aiming: Shock (safe; 3% risk of failure)
Press: ? - help, Shift-Dir - straight line, f - white imp
Aim: a white imp (71% to hit)
Okay, then.
Casting: Shock (safe; 3% risk of failure)
Confirm with . or Enter, or press ? or * to list all spells.
The white imp is struck by an arc of lightning.
The white imp is moderately wounded.
You are struck by an arc of lightning.
The lightning grounds out.
The white imp barely misses you.
Casting: Static Discharge (safe; 5% risk of failure)
Confirm with . or Enter, or press ? or * to list all spells.
The white imp is struck by an arc of lightning.
The white imp is severely wounded.
You are struck by an arc of lightning.
The lightning grounds out.
The white imp closely misses you.
Casting: Static Discharge (safe; 5% risk of failure)
Confirm with . or Enter, or press ? or * to list all spells.
The white imp is struck by an arc of lightning!
You kill the white imp!
You are struck by an arc of lightning.
The lightning grounds out.
The gnoll hits you with a +0 club.
* * * LOW HITPOINT WARNING * * *
Casting: Static Discharge (safe; 4% risk of failure)
Confirm with . or Enter, or press ? or * to list all spells.
Aiming: Shock (safe; 3% risk of failure)
Press: ? - help, Shift-Dir - straight line, f - gnoll
Aim: a gnoll, wielding a +0 club (75% to hit)
The zap hits the gnoll.
The gnoll is heavily wounded.
The zap hits the gnoll.
The gnoll is moderately wounded.
The zap hits the gnoll.
The gnoll is moderately wounded.
* * * LOW HITPOINT WARNING * * *
The gnoll hits you with a +0 club.
You die...

# .. #######.. #........
#........ #####........
########..>.........
#.(@ggg.............
#.....#####......#####..
#...# ##.....# #..
####### #


You could see 3 gnolls.

Vanquished Creatures
  A hound skeleton (D:4)
  An adder (D:2)
  A white imp (D:6)
  A worm (D:3)
  A dart slug (D:3)
  A hobgoblin (D:2)
  A kobold (D:2)
  A bat (D:3)
  A goblin (D:4)
9 creatures vanquished.

Notes
Turn   | Place    | Note
-------+----------+-------------------------------------------
     0 | D:1      | EnegeticOcto the Djinni Air Elementalist began the quest
                  | for the Orb.
     0 | D:1      | Reached XP level 1. HP: 15/15 MP: 0/0
    12 | D:1      | You are sucked into a shaft and drop 1 floor!
    24 | D:2      | Reached skill level 3 in Spellcasting
    24 | D:2      | Reached XP level 2. HP: 15/21 MP: 0/0
    83 | D:3      | Found Qusiopysh's Book Shop.
   125 | D:4      | Reached XP level 3. HP: 11/25 MP: 0/0
   125 | D:4      | Learned a level 1 spell: Corona
   128 | D:4      | You are sucked into a shaft and drop 2 floors!
   149 | D:6      | Slain by a gnoll

Illustrated notes

Levels and vault maps discovered:
D:1:      moated_graveyard_arrival, layout_basic, serial_shops,
          nicolae_shop_waterfront
D:2:      layout_loops_ring, serial_bayou_pond_e
D:3:      layout_basic, regret_index_temple_of_mockery, serial_shops,
          nicolae_shop_stone, kennysheep_generic_room_13,
          uniq_crazy_yiuf_cottage
D:4:      layout_rooms, kennysheep_little_box, trog_wizard, elyvilon_altar_5
D:6:      kennysheep_six_static_rooms, layout_basic, minmay_temple_entry_hall,
          minmay_fractal_squares_gapless_5

Skill      XL: |  1 |
---------------+----+-----
Spellcasting   | 3 |  3.8
Dodging        | |  2.1
Stealth        | |  1.5

Action                   || total
-------------------------++-------
Melee: Unarmed           ||     1
 Cast: Shock             ||    16
       Static Discharge  ||     3
  Use: Potion            ||     1
 Stab: Sleeping          ||     1
Armor: Robe              ||     2
Dodge: Dodged            ||     5

Table legend: (Time is in decaauts)
 A = Elapsed time spent in this place.
 B = Non-inter-level travel time spent in this place.
 C = Inter-level travel time spent in this place.
 D = Time resting spent in this place.
 E = Time spent auto-exploring this place.
 F = Levels seen in this place.
 G = Mean time per level.
                   A        B        C        D        E       F      G
               +--------+--------+--------+--------+--------+-----+--------+
         Total |    148 |    144 |      4 |      0 |      0 |   5 |   29.6 |
       Dungeon |    148 |    144 |      4 |      0 |      0 |   5 |   29.6 |
               +--------+--------+--------+--------+--------+-----+--------+

Top non-repeatable levels by time:
     D:3: 84 daAuts
     D:6: 20 daAuts
     D:2: 17 daAuts
     D:4: 12 daAuts
     D:1: 12 daAuts
